 Dungeon Crawl Stone Soup version 0.31-a0-986-g5e6e4ef867 (webtiles) character file.

Game seed: 16242209638942123049

489298 RepHenryClay the Intangible (level 25, -7/212 HPs)
             Began as a Merfolk Shapeshifter on Nov 17, 2023.
             Was an Initiate of Gozag.
             Mangled by a profane servitor
             ... wielding a +3 whip
              (21 damage)
             ... on level 5 of the Abyss on Nov 19, 2023.
             The game lasted 01:57:43 (60868 turns).

RepHenryClay the Intangible (Merfolk Shapeshifter) Turns: 60868, Time: 01:57:44

Health: -7/212     AC: 10    Str: 22    XL:     25   Next: 1%
Magic:  23/23      EV: 30    Int:  7    God:    Gozag
Gold:   16161      SH: 16    Dex: 21    Spells: 20/24 levels left

rFire   + +          +
                       - Unarmed
rCold   + + .        I - +0 kite shield of Tender Moments {rF+ Str+6 Int-5}
rNeg    + + +        U - +0 ring mail of Impatience {rF+ rC++}
rPois   ∞            y - +1 helmet
rElec   +            M - +0 cloak
rCorr   .            s - +0 pair of gloves {Str+3}
SInv    .            Q - +0 pair of boots
Will    ++++.        F - amulet of regeneration
Stlth   +            d - ring of Fuvistra {Fire rElec}
HPRegen 1.35/turn    X - ring of the Raven {rPois Will+ Str-5 Int+2 Slay+6}
MPRegen 0.18/turn

%: no passive effects
@: about to teleport, death-form, gold aura, wreathed by umbra, studying 2
skills, silenced
A: vile attack, torment immunity, no potions, (nimble swimmer 2), mertail,
strong-willed 1, poison resistance, no potion heal 1, MP-powered wands
}: 2/15 runes: decaying, serpentine
a: Siphon Essence, Begin Untransformation, Renounce Religion


You were on level 5 of the Abyss.
You worshipped Gozag.
Gozag was extremely pleased with you.
You were an undying horror.
You visited 9 branches of the dungeon, and saw 42 of its levels.
You visited the Abyss 2 times.
You also visited: Wizlab.

You collected 23953 gold pieces.
You spent 7596 gold pieces at shops.
You paid 196 gold pieces to Gozag.

Inventory:

Missiles
 g - 14 curare-tipped darts
 H - 4 throwing nets
Armour
 s - a +0 pair of gloves of strength (worn)
 y - a +1 helmet (worn)
 I - the +0 kite shield of Tender Moments (worn) {rF+ Str+6 Int-5}
   (You acquired it on level 1 of the Vaults)

   Str+6:     It affects your strength (+6).
   Int-5:     It affects your intelligence (-5).
   rF+:       It protects you from fire.
 M - a +0 cloak (worn)
 Q - a +0 pair of boots (worn)
 U - the +0 ring mail of Impatience (worn) {rF+ rC++}
   (You found it on level 5 of the Lair of Beasts)

   rF+:       It protects you from fire.
   rC++:      It greatly protects you from cold.
Jewellery
 d - the ring of Fuvistra (left hand) {Fire rElec}
   (You bought it in a shop on level 3 of the Vaults)

   [ring of fire]

   Fire:      It enhances your fire magic.
   rF+:       It protects you from fire.
   rC-:       It makes you vulnerable to cold.
   rElec:     It insulates you from electricity.
 j - a ring of protection from cold
 F - an amulet of regeneration (around neck)
 G - a ring of willpower
 L - the amulet "Yzxosame" {Spirit +Inv Int+2}
   (You found it on level 1 of the Vaults)

   [amulet of guardian spirit]

   Spirit:    It causes incoming damage to be divided between your reserves of
   health and magic.
   Int+2:     It affects your intelligence (+2).
   +Inv:      It lets you turn invisible.
 S - a ring of flight
 X - the ring of the Raven (right hand) {rPois Will+ Str-5 Int+2 Slay+6}
   (You found it on level 5 of the Lair of Beasts)

   [ring of poison resistance]

   Str-5:     It affects your strength (-5).
   Int+2:     It affects your intelligence (+2).
   Slay+6:    It affects your accuracy & damage with ranged weapons and melee
   (+6).
   rPois:     It protects you from poison Will+: It increases your willpower.
Talismans
 c - a talisman of death (active)
 w - a dragon-blood talisman
 B - a storm talisman
 T - a granite talisman
Wands
 i - a wand of paralysis (24)
 u - a wand of light (12)
 K - a wand of digging (15)
 R - a wand of mindburst (27)
 Z - a wand of roots (17)
Scrolls
 b - 5 scrolls of fog
 f - 11 scrolls of enchant armour
 m - 8 scrolls of fear
 o - 17 scrolls of identify {@r1}
 q - 12 scrolls of immolation
 r - 8 scrolls of teleportation
 C - 5 scrolls of brand weapon
 D - 2 scrolls of butterflies
 E - 7 scrolls of enchant weapon
 O - 3 scrolls of torment
 P - 6 scrolls of revelation
 W - 6 scrolls of blinking
Potions
 a - 5 potions of ambrosia
 e - a potion of resistance
 k - 5 potions of mutation
 n - 7 potions of magic
 p - 15 potions of curing
 t - 9 potions of lignification
 v - 6 potions of haste
 x - 3 potions of might
 z - 9 potions of attraction
 A - 9 potions of enlightenment
 J - 7 potions of heal wounds
 N - 6 potions of berserk rage
 V - 2 potions of cancellation
 Y - a potion of invisibility


   Skills:
 + Level 20.3 Fighting
 O Level 27 Dodging
 - Level 19.1 Shields
 + Level 23.8 Unarmed Combat
 - Level 5.0 Translocations
 - Level 1.5 Evocations
 - Level 23.0 Shapeshifting


You had 20 spell levels left.
You knew the following spells:

 Your Spells              Type           Power      Damage    Failure   Level
b - Lesser Beckoning      Tloc           14%        N/A       19%         2
Q - Blink                 Tloc           14%        N/A       19%         2

Your spell library contained the following spells:

 Spells                   Type           Power      Damage    Failure   Level
 Apportation              Tloc           14%        N/A       13%         1
 Gell's Gravitas          Tloc           7%         N/A       36%         3
 Teleport Other           Tloc           7%         N/A       36%         3
 Momentum Strike          Conj/Tloc      6%         3d8       47%         2
 Foxfire                  Conj/Fire      0%         2x1d4     69%         1
 Freeze                   Ice            0%         1d3       69%         1
 Magic Dart               Conj           0%         1d3       69%         1
 Necrotise                Necr           0%         1d4       69%         1
 Shock                    Conj/Air       0%         1d3       69%         1
 Summon Small Mammal      Summ           0%         N/A       69%         1
 Volatile Blastmotes      Fire/Tloc      10%        2d10      71%         3
 Manifold Assault         Tloc           7%         N/A       77%         4
 Call Imp                 Summ           0%         N/A       83%         2
 Cigotuvi's Dreadful Rot  Necr/Pois/Air  0%         N/A       83%         2
 Ensorcelled Hibernation  Hex/Ice        0%         N/A       83%         2
 Jinxbite                 Hex            0%         N/A       83%         2
 Scorch                   Fire           0%         2d5       83%         2
 Searing Ray              Conj           0%         2d4       83%         2
 Sublimation of Blood     Necr           0%         N/A       83%         2
 Call Canine Familiar     Summ           0%         N/A       96%         3
 Dazzling Flash           Conj/Hex       0%         N/A       96%         3
 Frozen Ramparts          Ice            0%         1d1       96%         3
 Hailstorm                Conj/Ice       0%         3d3       96%         3
 Inner Flame              Hex/Fire       0%         N/A       96%         3
 Mephitic Cloud           Conj/Pois/Air  0%         N/A       96%         3
 Ozocubu's Armour         Ice            0%         N/A       96%         3
 Sigil of Binding         Hex            0%         N/A       96%         3
 Summon Guardian Golem    Hex/Summ       0%         N/A       96%         3
 Swiftness                Air            0%         N/A       96%         3
 Iskenderun's Mystic Bla  Conj/Tloc      3%         2d3       98%         4
 Vhi's Electric Charge    Tloc/Air       6%         N/A       98%         4
 Airstrike                Air            0%         2d(0-16)  100%        4
 Anguish                  Hex/Necr       0%         N/A       100%        4
 Cause Fear               Hex            0%         N/A       100%        4
 Dispel Undead            Necr           0%         3d6       100%        4
 Flame Wave               Conj/Fire      0%         2d4       100%        4
 Fulminant Prism          Conj/Hex       0%         3d5       100%        4
 Petrify                  Tmut/Erth      0%         N/A       100%        4
 Sticky Flame             Conj/Fire      0%         2d3       100%        4
 Summon Ice Beast         Ice/Summ       0%         N/A       100%        4
 Alistair's Intoxication  Tmut/Pois      0%         N/A       100%        5
 Arcjolt                  Conj/Air       0%         1d10      100%        5
 Borgnjor's Vile Clutch   Necr/Erth      0%         N/A       100%        5
 Irradiate                Conj/Tmut      0%         3d11      100%        5
 Iskenderun's Battlesphe  Conj           0%         2d6       100%        5
 Metabolic Englaciation   Hex/Ice        0%         N/A       100%        5
 Summon Forest            Summ/Tloc      1%         N/A       100%        5
 Summon Mana Viper        Hex/Summ       0%         N/A       100%        5
 Yara's Violent Unravell  Hex/Tmut       0%         3d3       100%        5
 Conjure Ball Lightning   Conj/Air       0%         3x3d6     100%        6
 Death Channel            Necr           0%         N/A       100%        6
 Dispersal                Tloc           3%         N/A       100%        6
 Eringya's Noxious Bog    Tmut/Pois      0%         4d6       100%        6
 Plasma Beam              Fire/Air       0%         2x1d10    100%        6
 Starburst                Conj/Fire      0%         6d3       100%        6
 Summon Cactus Giant      Summ           0%         N/A       100%        6
 Enfeeble                 Hex            0%         N/A       100%        7
 Haunt                    Necr/Summ      0%         N/A       100%        7
 Ozocubu's Refrigeration  Ice            0%         4d7       100%        7
 Discord                  Hex            0%         N/A       100%        8
 Infestation              Necr           0%         N/A       100%        8
 Maxwell's Capacitive Co  Air            0%         ∞         100%        8
 Animate Dead             Necr           Unusable   N/A       N/A         4
 Simulacrum               Ice/Necr       Unusable   N/A       N/A         6

Dungeon Overview and Level Annotations

Branches:
Dungeon (15/15)            Temple (1/1) D:4            Lair (5/5) D:9
  Swamp (4/4) Lair:3        Snake (4/4) Lair:2        Slime (0/5) Lair:4
    Orc (2/2) D:10            Elf (0/3) Orc:2        Vaults (4/5) D:14
  Crypt (3/3) Vaults:2       Tomb (0/3) Crypt:3      Depths (4/4) D:15
    Zot (0/5) Depths:4     WizLab (visited)

Altars:
Ashenzari
Cheibriados
Dithmenos
Elyvilon
Fedhas
Gozag
Hepliaklqana
Kikubaaqudgha
Makhleb
Nemelex Xobeh
Okawaru
Qazlal
Ru
Sif Muna
Trog
Uskayaw
Vehumet
Wu Jian
Xom
Yredelemnul
Zin
The Shining One
Jiyva

Shops:
D:2 *   D:3 ?   D:10 :   Orc:1 =   Orc:2 *[=(   Snake:1 **:=   Snake:2 :
Vaults:3 **?[   Vaults:4 =

Portals:
Hell: Depths:1 Depths:2 Depths:3 Depths:4
Abyss: Depths:2 Depths:3 Depths:4
Pandemonium: Depths:2
Ziggurat: Depths:2

Annotations:
D:3 acq, exclusion: orc wizard


Innate Abilities, Weirdness & Mutations

You are an undying horror.
Your melee and unarmed attacks drain, slow and weaken victims.
You are immune to unholy pain and torment.
You cannot drink.
((You are very nimble when in or above water. (Stealth+, EV+, Speed+++)))
Your lower body shifts to a powerful aquatic tail in water.
You are strong-willed. (Will+)
Your system is resistant to poisons. (rPois)
Potions are less effective at restoring your health.
You expend magic power (3 MP) to strengthen your wands.


Message History

The profane servitor completely misses you.
A starcursed mass splits.
You see here 33 gold pieces.
Damage: -2%(-6hp) hp: 24%(49hp) Welcome back, RepHenryClay the Merfolk Shapeshifter.
Gozag says: Greed is good.
Press ? for a list of commands and other information.
The profane servitor hits you with a +3 whip!
* * * LOW HITPOINT WARNING * * *
The profane servitor hits you with a +3 whip.
* * * LOW HITPOINT WARNING * * *
The profane servitor hits you with a +3 whip!!
* * * LOW HITPOINT WARNING * * *
The profane servitor completely misses you.
Huge Dmg: -15%(-32hp) hp: 9%(17hp) Welcome back, RepHenryClay the Merfolk Shapeshifter.
Gozag says: Greed is good.
Press ? for a list of commands and other information.
You cannot drink potions in your current state!
You cannot drink potions in your current state!
Okay, then.
Magic scrolls do not work when you're silenced!
Unknown command.
You cannot drink potions in your current state!
Unknown command.
A starcursed mass splits.
A chorus of shrieks assaults your mind.
* * * LOW HITPOINT WARNING * * *
Huge Dmg: -3%(-5hp) hp: 6%(12hp) Welcome back, RepHenryClay the Merfolk Shapeshifter.
Gozag says: Greed is good.
Press ? for a list of commands and other information.
Unknown command.
You cannot drink potions in your current state!
Unknown command.
Found a Fen Folio and 20 gold pieces.
The profane servitor attacks as it pursues you!
The profane servitor hits you with a +3 whip!!
You die...
Your body crumbles into a pile of gold. ###.# . .#)X .# #.#. ...X...$. .hhX

... .# # ....$####
#..# .. . .
...#X.#$:#8 # ###
.#.
#.#...$$#|.#X8... #
##...#.$$$##+##. ..
. .....#...$$X..
.#..#.
##.....#$X#....#.##
#....z##$##.......
##....A.$.X....##.
#..#######X..#.#
#.##. #.....# ###.#
#..#. # ... #. #


You could see a profane servitor and 4 starcursed masses.

Vanquished Creatures
  A dread lich (Crypt:3)
  An ancient lich (Depths:3)
  2 juggernauts
  Parghit (Depths:4)
  Bai Suzhen (Depths:1)
  Vashnia (Snake:2)
  Nikola (Lair:2)
  The ghost of Vailuoroe the Devastator, a veteran GrEE of Lugonu (Crypt:1)
  3 golden dragons
  Norris (Vaults:1)
  3 bone dragons
  A tentacled monstrosity (Depths:2)
  4 liches
  A shard shrike skeleton (Crypt:3)
  A quicksilver dragon (Depths:2)
  A walking earthen tome (Depths:1)
  Asterion (Lair:2)
  9 sphinxes
  A titan (Depths:2)
  5 tentacled starspawn (Abyss:5)
  8 ancient champions
  Kirke (Snake:2)
  3 storm dragons
  The ghost of Pooter the Severer, an adept MiBe of Trog (Snake:1)
  5 tengu reavers
  2 revenants
  3 shadow dragons
  2 nagarajas (Snake:4)
  10 frost giants
  6 fire giants
  8 vault wardens
  5 ghouls
  An iron dragon (Depths:2)
  2 curse skulls
  Louise (Depths:4)
  18 stone giants
  13 ironbound preservers
  A draconian stormcaller (WizLab)
  4 ironbound thunderhulks
  6 orc warlords
  5 spriggan defenders
  A caustic shrike skeleton (Crypt:3)
  2 draconian annihilators (Depths:4)
  32 very ugly things
  A war gargoyle (Vaults:4)
  2 eleionomae (Swamp:4)
  10 vampire knights
  Azrael (Snake:1)
  2 formless jellyfish
  2 green draconians (Depths:4)
  3 red draconians (Depths:4)
  5 bunyips
  9 spark wasps
  2 white draconians (Depths:4)
  11 purple draconians
  20 dire elephants
  9 statues (WizLab)
  8 eidola
  The ghost of Vadisije the Thaumaturge, a journeyman SpEn of Dithmenos (Lair:5)
  2 blizzard demons
  A crystal guardian (Vaults:4)
  8 ettins
  Josephine (D:12)
  4 deep elf death magi
  18 jiangshi
  2 entropy weavers
  A merfolk impaler (Depths:3)
  21 fire dragons
  A deep elf high priest (Depths:4)
  6 great orbs of eyes
  16 ice dragons
  An entropy weaver (shapeshifter) (D:15)
  11 yaktaur captains
  11 vault guards
  5 rakshasas
  2 salamander tyrants (Snake:4)
  9 hydras
  9 spriggan air magi
  5 alligators
  A bennu zombie (Crypt:1)
  A fenstrider witch zombie (Crypt:1)
  3 ghost crabs
  A peacekeeper (Vaults:4)
  9 anacondas
  5 spriggan skeletons
  7 centaur warriors
  4 death knights
  3 ironbound frosthearts
  An ogre mage (D:15)
  3 catoblepae
  7 two-headed ogres
  6 boulder beetles
  A death yak (shapeshifter) (Depths:3)
  11 death yaks (Lair:5)
  14 deep troll shamans
  10 vampire magi
  6 orc high priests
  10 naga warriors
  10 deep troll earth magi
  11 shock serpents
  3 tengu warriors
  A thrashing horror (Abyss:5)
  The ghost of pigah the Mimic, a novice OpSh of Gozag (D:8)
  6 spriggan berserkers
  An occultist (Depths:3)
  6 hell knights
  3 soul eaters
  16 naga sharpshooters
  3 iron trolls
  7 salamander mystics (Snake:4)
  3 wretched stars
  54 skeletal warriors
  7 skysharks
  Lodul (D:11)
  2 titan skeletons (Crypt:3)
  53 deep trolls
  6 sea snakes (Snake:4)
  3 shadow wraiths
  3 goliath frogs
  A glowing orange brain (Abyss:5)
  3 swamp dragons
  7 arcanists
  8 flayed ghosts
  3 spriggan druids
  37 slime creatures
  3 naga ritualists
  3 anaconda skeletons
  Pikel (D:6)
  3 harpies (Vaults:2)
  16 ironbound convokers
  4 lindwurms
  12 orc knights
  2 deep elf pyromancers (D:15)
  8 necromancers
  7 phantasmal warriors
  A stone giant zombie (Vaults:1)
  4 large abominations (Abyss:5)
  A fire giant zombie (Vaults:1)
  3 oklob plants
  8 orc sorcerers
  A manticore (D:13)
  30 ugly things
  3 cyclopes
  5 will-o-the-wisps
  21 salamanders
  2 mana vipers
  9 elephants
  4 centaur zombies
  An iron dragon skeleton (Crypt:2)
  A spectral iron troll (Crypt:2)
  11 naga magi
  9 vault sentinels
  6 guardian serpents
  Maurice (Orc:1)
  A smoke demon (Abyss:5)
  Maggie (D:8)
  31 black mambas
  2 torpor snails
  5 rime drakes
  2 alligator snapping turtle skeletons
  2 unseen horrors
  A naga zombie (Crypt:1)
  Jeremiah (D:8)
  A death yak zombie (Crypt:1)
  12 cane toads
  A storm dragon simulacrum (Vaults:4)
  3 naga skeletons
  13 komodo dragons
  3 kobold demonologists
  A steelbarb worm zombie (Crypt:1)
  2 efreet
  4 centaur skeletons (Crypt:3)
  15 tengu conjurers
  8 freezing wraiths
  36 yaktaurs
  A black draconian skeleton (Crypt:3)
  2 ancient zymes
  3 meliai (D:15)
  3 spectral deep trolls (Crypt:2)
  10 trolls
  A bloated husk (Swamp:2)
  5 tyrant leeches
  4 polar bears
  A wind drake (shapeshifter) (D:14)
  A tarantella (Vaults:3)
  A hydra skeleton (Crypt:3)
  2 harpy skeletons (Crypt:3)
  A fire giant simulacrum (Vaults:4)
  10 raiju (Abyss:5)
  9 hornets
  3 glass eyes
  Grinder (D:5)
  35 blink frogs
  6 dream sheep (Lair:5)
  A black mamba zombie (Crypt:1)
  A jumping spider (Vaults:3)
  8 flying skulls (Crypt:3)
  A shadow (D:11)
  9 wraiths
  A vampire (D:11)
  A ynoxinul (Abyss:1)
  14 spriggans
  5 wyverns
  An ettin skeleton (Crypt:3)
  A yak (shapeshifter) (D:14)
  A human (shapeshifter) (D:15)
  A culicivora (Vaults:2)
  A water elemental (Depths:3)
  81 yaks
  5 basilisks
  2 fire elementals
  A hog (shapeshifter) (Depths:1)
  Grum (D:8)
  5 humans (D:14)
  3 redbacks
  A black mamba skeleton (Crypt:3)
  4 hogs (Snake:2)
  A wind drake skeleton (Crypt:2)
  2 golden eyes (Abyss:5)
  2 chaos spawn (Abyss:5)
  5 swamp worm simulacra (Swamp:4)
  8 vampire mosquitoes
  A spatial vortex (Abyss:5)
  14 swamp worms
  20 nagas
  5 acid dragons
  2 human zombies
  2 wargs (D:10)
  A deep troll zombie (Crypt:1)
  16 water moccasins
  11 hydra simulacra (Swamp:4)
  5 hell hounds
  25 orc warriors
  4 ice beasts (D:8)
  2 black bears
  A sky beast (D:8)
  An elf simulacrum (Vaults:4)
  15 wolves
  12 centaurs
  15 ogres
  2 small abominations (Abyss:5)
  2 lemures
  15 starcursed masses (Abyss:5)
  A rime drake skeleton (Crypt:3)
  Blork the orc (D:5)
  A salamander zombie (Crypt:3)
  10 kobold brigands
  18 bullfrogs
  A gnoll sergeant (D:10)
  4 scorpions
  A salamander skeleton (Crypt:2)
  A glowing shapeshifter simulacrum (Vaults:1)
  4 necrophages
  An elf skeleton (Crypt:1)
  A hornet simulacrum (D:8)
  7 wights
  9 electric eels
  2 howler monkeys
  A troll skeleton (Crypt:3)
  A raiju skeleton (Crypt:3)
  5 hounds
  2 gnoll boudas
  A black bear zombie (Crypt:3)
  6 orc priests
  6 jellies
  A human skeleton (Crypt:2)
  2 sleepcaps
  8 iguanas
  12 orc wizards
  6 hell rats (Lair:5)
  A killer bee zombie (Crypt:1)
  A centaur simulacrum (D:8)
  An ice beast zombie (Crypt:3)
  An ogre skeleton (Crypt:2)
  A boggart simulacrum (D:14)
  20 gnolls
  6 adders
  A steam dragon skeleton (Crypt:2)
  2 shadow imps
  4 white imps
  3 ufetubi
  3 swamp drake simulacra (Swamp:4)
  A worm zombie (Crypt:1)
  2 worms
  The ghost of petzl the Sneak, a weakling FoDe (D:5)
  A dart slug (D:2)
  40 orcs
  A bat skeleton (Crypt:3)
  6 endoplasms
  3 giant cockroaches
  9 goblins
  2 hobgoblins
  7 jackals
  13 kobolds
  3 quokkas
  6 ball pythons
  13 bats
  An endoplasm zombie (Crypt:2)
  4 frilled lizards
  A jackal skeleton (Crypt:1)
  6 rats
  A rat skeleton (Crypt:2)
  2 river rat skeletons
  A lurking horror (Abyss:5)
  2 starspawn tentacles (Abyss:5)
1807 creatures vanquished.

Vanquished Creatures (others)
  A black mamba (Snake:1)
  A naga mage (Snake:1)
  2 tengu conjurers
  2 bloated husks
  A tyrant leech (Swamp:1)
  A flying skull (Crypt:3)
  A naga (Snake:1)
  A swamp worm (Swamp:1)
  2 humans
  2 orc priests
  2 orc wizards
  24 foxfires
  2 lurking horrors (Abyss:5)
  12 starspawn tentacles (Abyss:5)
54 creatures vanquished.

Grand Total: 1861 creatures vanquished

Notes
Turn   | Place    | Note
-------+----------+-------------------------------------------
     0 | D:1      | RepHenryClay the Merfolk Shapeshifter began the quest for
                  | the Orb.
     0 | D:1      | Reached XP level 1. HP: 15/15 MP: 1/1
   106 | D:1      | Found a faded altar of an unknown god.
   119 | D:1      | Reached skill level 3 in Dodging
   368 | D:1      | Reached XP level 2. HP: 16/21 MP: 2/2
   943 | D:2      | Found Gigev's Assorted Antiques.
   955 | D:2      | Reached XP level 3. HP: 26/26 MP: 3/3
  1112 | D:2      | Reached skill level 4 in Dodging
  1442 | D:2      | Reached XP level 4. HP: 32/32 MP: 4/4
  1476 | D:3      | Identified the "Riodud Fuef"
  1681 | D:3      | Found a shimmering blue altar of Sif Muna.
  2463 | D:3      | Found Qyvap's Magic Scroll Shop.
  2468 | D:3      | Bought a scroll of identify for 26 gold pieces
  2468 | D:3      | Bought a scroll of fear for 52 gold pieces
  2468 | D:3      | Bought a scroll of identify for 26 gold pieces
  2745 | D:4      | Found a white marble altar of Elyvilon.
  2745 | D:4      | Found a glowing silver altar of Zin.
  2745 | D:4      | Found a glowing golden altar of the Shining One.
  2825 | D:4      | Reached skill level 5 in Dodging
  2825 | D:4      | Reached XP level 5. HP: 25/37 MP: 5/5
  2996 | D:4      | Reached skill level 5 in Shapeshifting
  3000 | D:4      | Reached XP level 6. HP: 39/43 MP: 6/6
  3002 | D:4      | Reached skill level 6 in Dodging
  3322 | D:4      | Found a staircase to the Ecumenical Temple.
  3331 | Temple   | Entered the Ecumenical Temple
  3578 | D:5      | Entered Level 5 of the Dungeon
  3578 | D:5      | Noticed Blork the orc
  3802 | D:5      | Found a runed translucent door.
  3808 | D:5      | Noticed petzl's ghost (weakling FoDe)
  3976 | D:5      | Reached XP level 7. HP: 42/48 MP: 7/7
  4110 | D:5      | Noticed Grinder
  4120 | D:5      | Killed Grinder
  4121 | D:5      | Reached skill level 7 in Dodging
  4121 | D:5      | Reached skill level 5 in Unarmed Combat
  4236 | D:5      | Found an opulent altar of Gozag.
  4347 | D:5      | Killed Blork the orc
  4402 | D:5      | Found a sparkling altar of Nemelex Xobeh.
  4402 | D:5      | Found a broken altar of Ashenzari.
  4517 | D:5      | Killed petzl's ghost
  4816 | D:6      | Noticed a wyvern
  4833 | D:6      | Killed a wyvern
  4834 | D:6      | Reached XP level 8. HP: 30/57 MP: 8/8
  4938 | D:6      | Found a burning altar of Makhleb.
  4957 | D:6      | Reached skill level 8 in Dodging
  5246 | D:6      | Noticed Pikel
  5739 | D:6      | Killed Pikel
  5740 | D:6      | Reached skill level 9 in Dodging
  5740 | D:6      | Reached XP level 9. HP: 46/65 MP: 9/9
  6011 | D:7      | Found a flagged portal.
  6029 | D:7      | Identified the +9 falchion "Kitutz" {spect, Will- Str+7
                  | Int+3}
  6186 | D:7      | Identified the +5 chain mail of Cacum {rElec Regen+ Str+4
                  | Slay-5}
  6414 | D:7      | Reached skill level 10 in Dodging
  6495 | D:7      | Noticed a cyan ugly thing
  6505 | D:7      | Killed a green ugly thing
  6510 | D:7      | Reached skill level 5 in Fighting
  6520 | D:7      | Reached skill level 11 in Dodging
  7055 | D:8      | Noticed pigah's ghost (novice OpSh)
  7126 | D:8      | Noticed Grum
  7144 | D:8      | Killed Grum
  7145 | D:8      | Reached XP level 10. HP: 48/76 MP: 10/10
  7446 | D:8      | Found a runed translucent gate.
  7446 | D:8      | Found a runed translucent gate.
  7446 | D:8      | Found a runed translucent gate.
  7472 | D:8      | Noticed Maggie
  7489 | D:8      | Killed Maggie
  7490 | D:8      | Reached skill level 12 in Dodging
  7652 | D:8      | Found a hazy altar of Hepliaklqana.
  7710 | D:8      | Noticed Jeremiah
  7740 | D:8      | Killed Jeremiah
  7741 | D:8      | Reached skill level 10 in Unarmed Combat
  8497 | D:8      | Killed pigah's ghost
  8567 | D:8      | Got the ring of Xom's Fair Game {Fire rN+ Str-5 Int-5
                  | Dex+9}
  8639 | D:9      | Noticed a kobold demonologist
  8663 | D:9      | Killed a kobold demonologist
  8664 | D:9      | Reached skill level 13 in Dodging
  8683 | D:9      | Identified a scroll of acquirement
  8683 | D:9      | Acquired a +0 pair of gloves of strength
  9372 | D:9      | Found an ancient bone altar of Kikubaaqudgha.
  9409 | D:9      | Found a staircase to the Lair.
  9429 | D:9      | Reached XP level 11. HP: 81/84 MP: 11/11
  9977 | D:10     | Entered Level 10 of the Dungeon
 10394 | D:10     | Found a bloodstained altar of Trog.
 10406 | D:10     | Found a shadowy altar of Dithmenos.
 10407 | D:10     | Found a blossoming altar of Fedhas.
 10407 | D:10     | Found an iron altar of Okawaru.
 10410 | D:10     | Found a hide-covered altar of Uskayaw.
 10412 | D:10     | Found a snail-covered altar of Cheibriados.
 10528 | D:5      | Became a worshipper of Gozag Ym Sagoz the Greedy
 10605 | D:10     | Reached skill level 14 in Dodging
 10913 | D:10     | Noticed a deep troll
 10921 | D:10     | Killed a deep troll
 11355 | D:10     | Found a staircase to the Orcish Mines.
 11833 | D:10     | Found Vuimuv's Tremendous Tomes.
 11923 | D:10     | Reached skill level 15 in Dodging
 12459 | D:3      | Bought a scroll of acquirement for 676 gold pieces
 12459 | D:3      | Acquired 1007 gold pieces
 12461 | D:3      | Bought a scroll of acquirement for 676 gold pieces
 12461 | D:3      | Acquired 845 gold pieces
 12671 | D:13     | Identified the of Detaq
 12671 | Orc:1    | Entered Level 1 of the Orcish Mines
 12671 | Orc:1    | Noticed Maurice
 12671 | Orc:1    | Found Oghipeq's Jewellery Boutique.
 12936 | Orc:1    | Killed Maurice
 12987 | Orc:1    | Noticed an orc sorcerer
 12988 | Orc:1    | Noticed an orc warlord
 13245 | Lair:1   | Entered Level 1 of the Lair of Beasts
 13355 | Lair:1   | Reached XP level 12. HP: 94/94 MP: 12/12
 13666 | Lair:1   | Reached skill level 16 in Dodging
 15120 | Lair:1   | Reached skill level 17 in Dodging
 15346 | Lair:2   | Reached XP level 13. HP: 99/103 MP: 13/13
 15353 | Lair:2   | Reached skill level 10 in Fighting
 15845 | Lair:2   | Found a staircase to the Snake Pit.
 16030 | Lair:3   | Found a blossoming altar of Fedhas.
 16188 | Lair:3   | Reached skill level 15 in Unarmed Combat
 16211 | Lair:3   | Reached skill level 18 in Dodging
 17078 | Lair:3   | Found a staircase to the Swamp.
 18027 | Lair:4   | Reached skill level 10 in Shapeshifting
 18414 | Lair:5   | Entered Level 5 of the Lair of Beasts
 18751 | Lair:5   | Reached XP level 14. HP: 111/111 MP: 14/14
 19047 | Lair:5   | Reached skill level 19 in Dodging
 19109 | Lair:5   | Noticed Vadisije's ghost (journeyman SpEn)
 19112 | Lair:5   | Found a runed translucent door.
 20030 | Lair:5   | Reached skill level 20 in Dodging
 20148 | Lair:5   | Noticed a dire elephant
 20173 | Lair:5   | Killed a dire elephant
 20873 | Lair:5   | Identified the +0 ring mail of Impatience {rF+ rC++}
 20882 | Lair:5   | Identified the ring of the Raven {rPois Will+ Str-5 Int+2
                  | Slay+6}
 20983 | Lair:5   | Killed Vadisije's ghost
 21223 | D:10     | Killed an orc warlord
 21462 | Orc:1    | Reached XP level 15. HP: 120/120 MP: 15/15
 21810 | Orc:2    | Entered Level 2 of the Orcish Mines
 21829 | Orc:2    | Gained mutation: Your magical capacity is low. (-10% MP) [a
                  | neqoxec]
 22126 | Orc:2    | Found a staircase to the Elven Halls.
 22317 | Orc:2    | Found Wetsisim's Jewellery Boutique.
 22628 | Orc:2    | Found Kettol's General Store.
 22643 | Orc:2    | Found Eptih's Antique Armour Shop.
 23004 | Orc:2    | Noticed an orc warlord
 23005 | Orc:2    | Found Wuafiut's Antique Weapon Shop.
 23055 | Orc:2    | Reached skill level 21 in Dodging
 23315 | Orc:2    | Killed an orc warlord
 23902 | D:11     | Noticed Lodul
 24182 | D:11     | Killed Lodul
 24842 | D:12     | Noticed Josephine
 24856 | D:12     | Killed Josephine
 25648 | D:13     | Identified the +0 robe of Josuec {Dex+3}
 25797 | D:13     | Found a basalt altar of Yredelemnul.
 27358 | D:14     | Reached XP level 16. HP: 103/127 MP: 14/14
 27499 | D:14     | Found a gate to the Vaults.
 27624 | D:15     | Entered Level 15 of the Dungeon
 27940 | D:15     | Found a staircase to the Depths.
 28025 | D:15     | Reached skill level 15 in Shapeshifting
 28578 | Swamp:1  | Entered Level 1 of the Swamp
 28909 | Swamp:1  | You fall into a shaft and drop 1 floor!
 29467 | Swamp:3  | Reached skill level 22 in Dodging
 29964 | Swamp:4  | Entered Level 4 of the Swamp
 30294 | Swamp:4  | Reached XP level 17. HP: 137/137 MP: 15/15
 31022 | Swamp:4  | Got a decaying rune of Zot
 31216 | Snake:1  | Entered Level 1 of the Snake Pit
 31216 | Snake:1  | Noticed Asterion
 31222 | Snake:1  | Noticed Nikola
 31388 | Lair:2   | Gained mutation: Your spells are a little easier to cast,
                  | but a little less powerful. [a cacodemon]
 31414 | Lair:2   | Gained mutation: Potions are less effective at restoring
                  | your health. [a cacodemon]
 31427 | Lair:1   | Lost mutation: Your magical capacity is low. (-10% MP)
                  | [potion of mutation]
 31427 | Lair:1   | Lost mutation: Potions are less effective at restoring your
                  | health. [potion of mutation]
 31427 | Lair:1   | Lost mutation: Your spells are a little easier to cast, but
                  | a little less powerful. [potion of mutation]
 31427 | Lair:1   | Gained mutation: You expend magic power (3 MP) to
                  | strengthen your wands. [potion of mutation]
 31427 | Lair:1   | Gained mutation: Potions are less effective at restoring
                  | your health. [potion of mutation]
 31427 | Lair:1   | Gained mutation: You have hidden genetic potential. [potion
                  | of mutation]
 31536 | Lair:2   | Killed Asterion
 32212 | Lair:2   | Reached skill level 23 in Dodging
 32320 | Lair:2   | Killed Nikola
 32847 | Snake:1  | Found Rifaschaps's Book Emporium.
 32884 | Snake:1  | Found Iludem's Jewellery Shoppe.
 32968 | Snake:1  | Found Yguparri's General Store.
 32973 | Snake:1  | Bought a potion of haste for 150 gold pieces
 32973 | Snake:1  | Bought a scroll of enchant armour for 112 gold pieces
 33013 | Snake:1  | Found Elarov Ewno's Assorted Antiques.
 33033 | Snake:1  | Found a runed translucent door.
 33033 | Snake:1  | Noticed Pooter's ghost (adept MiBe)
 33138 | Snake:1  | Killed Pooter's ghost
 33227 | Snake:2  | Found a snail-covered altar of Cheibriados.
 33310 | Snake:2  | Identified the +6 scale mail of the Accordion {Drain rC+
                  | Will+ rCorr}
 33328 | Snake:2  | Noticed Vashnia
 33375 | Snake:2  | Killed Vashnia
 33436 | Snake:2  | Noticed Azrael
 33473 | Snake:1  | Killed Azrael
 33557 | Snake:2  | Reached skill level 24 in Dodging
 33714 | Snake:2  | Noticed Kirke
 33740 | Snake:2  | Killed Kirke
 33867 | Snake:2  | Found Hanku's Book Boutique.
 33892 | Snake:2  | Bought a manual of Dodging for 1120 gold pieces
 33892 | Snake:2  | Bought a book of Spatial Translocations for 252 gold pieces
 33896 | Snake:2  | Learned a level 2 spell: Blink
 33899 | Snake:2  | Learned a level 2 spell: Lesser Beckoning
 34295 | Snake:3  | Identified the +1 leather armour "Lewyfiud" {Harm}
 35117 | Snake:4  | Entered Level 4 of the Snake Pit
 35144 | Snake:4  | Reached skill level 1 in Translocations
 35144 | Snake:4  | Reached XP level 18. HP: 147/147 MP: 18/18
 35368 | Snake:4  | Reached skill level 25 in Dodging
 35372 | Snake:4  | Gained mutation: Your system is resistant to poisons.
                  | (rPois) [hidden potential]
 35542 | Snake:4  | Reached skill level 15 in Fighting
 36106 | Snake:4  | Reached skill level 26 in Dodging
 36483 | Snake:1  | Bought a dragon-blood talisman for 960 gold pieces
 36853 | Snake:4  | Got a serpentine rune of Zot
 37922 | Vaults:1 | Entered Level 1 of the Vaults
 38124 | Vaults:1 | Reached skill level 27 in Dodging
 38275 | Vaults:1 | Reached skill level 5 in Translocations
 38390 | Vaults:1 | Noticed Norris
 38431 | Vaults:1 | Killed Norris
 38436 | Vaults:1 | Reached XP level 19. HP: 137/155 MP: 19/19
 38729 | Vaults:1 | Gained mutation: You are strong-willed. (Will+) [hidden
                  | potential]
 38729 | Vaults:1 | Lost mutation: You have hidden genetic potential. [hidden
                  | potential expressed]
 38876 | Vaults:1 | Acquired the +0 kite shield of Tender Moments {rF+ Str+6
                  | Int-5}
 39085 | Vaults:1 | Reached skill level 1 in Shields
 39180 | Vaults:1 | Found a transporter.
 39218 | Vaults:1 | Found a transporter.
 39325 | Vaults:1 | Identified the ring "Namubuh" {rPois Int+5}
 39339 | Vaults:1 | Identified the amulet "Yzxosame" {Spirit +Inv Int+2}
 40785 | Lair:4   | Found a viscous altar of Jiyva.
 40786 | Lair:4   | Found a staircase to the Slime Pits.
 41425 | Vaults:2 | Reached skill level 5 in Shields
 42435 | Vaults:2 | Identified the +1 falchion of the Jolly Stars {freeze,
                  | SInv}
 42793 | Vaults:2 | Found a staircase to the Crypt.
 42843 | Vaults:3 | Identified the of Saushryumek
 42844 | Vaults:3 | Identified the flux talisman of Tortelloni {Str+2 Dex+3}
 42909 | Vaults:3 | Found Eribael's Assorted Antiques.
 42917 | Vaults:3 | Bought a scroll of teleportation for 81 gold pieces
 42972 | Vaults:3 | Found Qility's Assorted Antiques.
 42975 | Vaults:3 | Identified the +4 short sword of Classification {drain,
                  | Str+5}
 42986 | Vaults:3 | Bought an ancient lead ring for 210 gold pieces
 42986 | Vaults:3 | Identified the ring of Fuvistra {Fire rElec} (You bought it
                  | in a shop on level 3 of the Vaults)
 42986 | Vaults:3 | Bought a shiny helmet for 315 gold pieces
 43019 | Vaults:3 | Reached skill level 10 in Shields
 43171 | Vaults:3 | Reached XP level 20. HP: 162/162 MP: 20/20
 44406 | Vaults:3 | Found Xiloyr's Antique Armour Shoppe.
 44412 | Vaults:3 | Bought a glowing buckler for 232 gold pieces
 44413 | Vaults:3 | Found Juqaxt's Magic Scroll Shop.
 44420 | Vaults:3 | Bought a scroll of teleportation for 63 gold pieces
 45699 | Vaults:4 | Reached skill level 15 in Shields
 46025 | Vaults:4 | Found Elao's Jewellery Boutique.
 46034 | Vaults:4 | Bought a storm talisman for 1200 gold pieces
 46438 | D:15     | Reached XP level 21. HP: 168/168 MP: 19/21
 46469 | WizLab   | Identified the "Wuraadgh"
 46469 | WizLab   | Identified the "Dyagared"
 46469 | Depths:1 | Entered Level 1 of the Depths
 46836 | Depths:1 | Found a snail-covered altar of Cheibriados.
 46986 | Depths:1 | Found a gateway to Hell.
 47271 | Depths:1 | Noticed Bai Suzhen
 47283 | Depths:1 | Killed Bai Suzhen
 47372 | Depths:2 | Identified the "Xibbelo"
 47649 | Snake:1  | Bought a potion of heal wounds for 165 gold pieces
 48091 | Depths:2 | Found a one-way gate leading to the halls of Pandemonium.
 48097 | Depths:2 | Found a one-way gate to the infinite horrors of the Abyss.
 48099 | Depths:2 | Found a one-way gateway to a ziggurat.
 48113 | Depths:2 | Found a snail-covered altar of Cheibriados.
 48113 | Depths:2 | Found a bloodstained altar of Trog.
 48115 | Depths:2 | Found a shadowy altar of Dithmenos.
 48122 | Depths:2 | Noticed a juggernaut
 48133 | Depths:2 | Killed a juggernaut
 48193 | Depths:2 | Noticed a golden dragon
 48198 | Depths:2 | Killed a golden dragon
 48722 | Depths:2 | Noticed a golden dragon
 48735 | Depths:2 | Killed a golden dragon
 49593 | Depths:2 | Reached XP level 22. HP: 175/175 MP: 20/22
 51304 | Depths:3 | Noticed a golden dragon
 51317 | Depths:3 | Killed a golden dragon
 51487 | Depths:3 | Noticed a juggernaut
 51488 | Depths:3 | Noticed an ancient lich
 51495 | Depths:3 | Killed an ancient lich
 51501 | Depths:3 | Killed a juggernaut
 51895 | Depths:4 | Identified the "Xobiosou"
 51895 | Depths:4 | Identified the "Nunneaz"
 51895 | Depths:4 | Identified the "Jamoapt"
 51895 | Depths:4 | Identified the "Teahuxt"
 51895 | Depths:4 | Entered Level 4 of the Depths
 51961 | Depths:4 | Noticed Louise
 51982 | Depths:3 | Reached XP level 23. HP: 133/186 MP: 16/23
 52213 | Depths:4 | Killed Louise
 52449 | Depths:4 | Noticed Parghit
 52737 | Depths:4 | Killed Parghit
 52933 | Depths:4 | Found a gate to the Realm of Zot.
 53601 | Depths:4 | Found a gate to the Realm of Zot.
 54248 | Crypt:1  | Entered Level 1 of the Crypt
 54546 | Crypt:1  | Reached skill level 1 in Evocations
 55408 | Crypt:1  | Found a runed translucent door.
 55408 | Crypt:1  | Noticed Vailuoroe's ghost (veteran GrEE)
 55421 | Crypt:1  | Killed Vailuoroe's ghost
 55622 | Crypt:2  | Found a magical portal.
 55627 | WizLab   | Entered Iskenderun's Mystic Tower
 56308 | WizLab   | Reached XP level 24. HP: 199/199 MP: 23/23
 57352 | Crypt:3  | Entered Level 3 of the Crypt
 57786 | Crypt:3  | Found an ancient bone altar of Kikubaaqudgha.
 57828 | Crypt:3  | Noticed a dread lich
 57847 | Crypt:3  | Killed a dread lich
 58078 | Crypt:3  | Found a staircase to the Tomb.
 58388 | Crypt:3  | Identified the ring of Piqye {rPois Stlth+}
 59615 | Snake:1  | Bought a talisman of death for 1280 gold pieces
 60305 | Depths:2 | Voluntarily entered the Abyss.
 60306 | Abyss:1  | Found a corrupted altar of Lugonu.
 60312 | Abyss:1  | Found a corrupted altar of Lugonu.
 60367 | Abyss:1  | Found a corrupted altar of Lugonu.
 60522 | Abyss:4  | Paralysed by accursed screaming for 1 turns
 60524 | Abyss:5  | Identified the of Peownaaxt
 60524 | Abyss:5  | Identified the of Sirgh
 60524 | Abyss:5  | Identified the "Rurulary"
 60524 | Abyss:5  | Identified the of Efuediv
 60524 | Abyss:5  | Identified the "Zurphath"
 60524 | Abyss:5  | Identified the of Kisad
 60524 | Abyss:5  | Identified the of Buvoo
 60524 | Abyss:5  | Identified the of Rockety
 60693 | Depths:2 | Escaped the Abyss
 60699 | Depths:2 | Voluntarily entered the Abyss.
 60742 | Abyss:5  | Paralysed by accursed screaming for 2 turns
 60815 | Abyss:5  | Reached XP level 25. HP: 91/211 MP: 23/23
 60868 | Abyss:5  | Mangled by a profane servitor

Illustrated notes

Levels and vault maps discovered:
D:1:      dpeg_arrival_tiny_d, layout_loops_corners,
          hellmonk_ecumenical_altar_run_dry
D:2:      layout_basic, serial_shops, shop
D:3:      layout_basic, led_sif_book, serial_shops, shop
D:4:      layout_gridville, good_gods_mini_temple,
          minmay_temple_entry_statues_pillars
D:5:      layout_basic, lemuel_crystal_altar,
          gammafunk_temple_overflow_elements, ebering_ghost_sewer_d,
          grunt_ministairs_14, minmay_misc_feat_alley, uniq_grinder,
          uniq_blork_the_orc
D:6:      layout_loops_ring, mainiacjoe_overflow_brackets, dreamdust_gnoll_farm,
          uniq_pikel
D:7:      nzn_winding_woodlands_small [nzn_winding_woodlands_5x15_cabin,
          nzn_winding_woodlands_center_lodge,
          nzn_winding_woodlands_5x15_pockets], layout_rooms, enter_bailey_3
D:8:      hellmonk_destroyed_diamonds, layout_basic,
          mainiacjoe_overflow_alcove_2, gammafunk_ghost_icy,
          minmay_diced_spiral, uniq_maggie, uniq_jeremiah, uniq_grum
D:9:      layout_cave_pools, tgw_kikubaaqudgha, chequers_mini_garden
D:10:     dreamdust_cave_troll, layout_stronghold, minitemple,
          kennysheep_orc_monster_closet_entryway, nicolae_shop_i_like_big_books,
          roderic_batcave
D:11:     layout_cave_pools, uniq_lodul
D:12:     layout_roguey, uniq_josephine
D:13:     layout_loops_ring, lemuel_zombie_altar_yredelemnul
D:14:     layout_stronghold, ximxim_vaults_locker_room,
          dreamdust_princess_corridor
D:15:     grunt_enter_depths_giant_problem, layout_irregular_city,
          chequers_hall_statues_corner_a, small_statue_intersection
Temple:   nicolae_temple_ecumenical_triangle
Lair:1:   layout_concentric_octagons
Lair:2:   layout_hall_layers, minmay_snake_entry_guardpost_small
Lair:3:   layout_gridlike, minmay_swamp_entry_worms,
          chequers_serial_rivers_room_b, lemuel_oklob_altar,
          serial_bayou_shore_a
Lair:4:   layout_cave_shapes, minmay_slime_entry_oklob_open
Lair:5:   grunt_lair_end_beastmaster, layout_regular_city,
          hellmonk_ghost_happy_afterlife, nicolae_quartered_pool_impasse,
          st_stairs_7, wad_woods_01
Swamp:1:  layout_basic_swamp, evilmike_swamp_ruin_house_2,
          infiniplex_staircase_pool_2
Swamp:2:  layout_falls_marsh, nicolae_swamp_little_swirl
Swamp:3:  layout_basic_swamp, evilmike_swamp_ruin_rubble_1, swamp_pool_3
Swamp:4:  swamp_icy, layout_basic_swamp, nicolae_swamp_little_tower,
          swamp_pool_4
Snake:1:  layout_basic, serial_shops, shop, nicolae_shop_rolling_square,
          nicolae_take_the_stairs, nicolae_shop_back_alley_shop,
          ebering_ghost_inner_flame, nicolae_snake_bzzzt, uniq_nikola,
          uniq_asterion
Snake:2:  layout_grid_shapes, serial_shops, nicolae_shop_stone, basic_altar,
          grunt_megastairs_2, uniq_azrael, uniq_vashnia, uniq_kirke
Snake:3:  layout_chambers
Snake:4:  grunt_snake_rune_pools, layout_gridlike, nicolae_snake_snake_lake
Orc:1:    layout_caves, minmay_shop_enchanted_jewellery, uniq_maurice
Orc:2:    grunt_orc_gardens, layout_caves, grunt_orc_garden, grunt_orc_garden,
          grunt_orc_garden, grunt_orc_garden
Vaults:1: v_misc_15, nicolae_vaults_apartment_2, v_alt_pattern_6, v_misc_33,
          hangedman_vaults_stitches, gammafunk_its_a_trap,
          ontoclasm_vaults_decontamination, v_pattern_4,
          layout_vaults_maze_snakey, uniq_norris
Vaults:2: vaults_mumra_lcd, nicolae_vaults_diamond_2, vaults_room_semicircle,
          vaults_dpeg_diagonal, nicolae_vaults_cochlea,
          minmay_crypt_entry_simple_round, v_rooms_3, vaults_dpeg_ring,
          layout_vaults_omnigrid
Vaults:3: nicolae_vaults_thirteen_compartments,
          nicolae_vaults_windows_and_doors_thing,
          nicolae_vaults_more_shelving_2, ontoclasm_vaults_tryst,
          nicolae_vaults_three_branches, v_rooms_1, hangedman_vaults_stream,
          nicolae_vaults_ring_of_whatevers, vaults_room_door_ring,
          layout_vaults_omnicross, serial_shops, nicolae_shop_trees,
          nicolae_shop_tiny_glass, shop, nicolae_shop_overgrown_old_shop
Vaults:4: v_misc_23, nicolae_vaults_house_2, nicolae_vaults_little_squares_3,
          nicolae_vaults_trapezoid_2, nicolae_vaults_doubleplus_tesselated,
          vaults_room_door_ring, nicolae_vaults_storage_closets_2,
          vaults_standard_mumra_lines, nicolae_vaults_little_ls,
          minmay_orc_keep, layout_vaults_chaotic_city, serial_shops, shop
Crypt:1:  layout_misc_corridors, gammafunk_ghost_grave, grunt_megastairs_4
Crypt:2:  layout_misc_corridors, mu_enter_wizlab_4, skrybe_necro_troll_1,
          grunt_megastairs_1
Crypt:3:  church_of_pain_bobbens, layout_chaotic_city
Depths:1: layout_small_grid, cheibriados_altar_1, hangedman_coc_ice_floe,
          minmay_misc_feat_pillars, skrybe_limestone_x, kennysheep_kite_vault,
          uniq_bai_suzhen
Depths:2: hangedman_slaughterboxes, hell_entry, abyss_entry, serial_shops,
          pan_entry, uniq_josephina
Depths:3: kennysheep_snake, layout_cave_pools, minmay_crystal_room, hell_entry,
          abyss_entry_glasseish
Depths:4: grunt_crosshair, layout_cave_shapes, hell_entry,
          nicolae_abyss_entry_one_way_or_another,
          serial_sigils_hangedman_quiver, uniq_parghit
Abyss:5:  base: Depths:2, hangedman_abyss_lost_library, base: D:14,
          spicy_abyss_planar_alliance, minivault_13,
          evilmike_nicolae_abyss_rune_betentacled_crabyss, base: D:14, base:
          D:14, base: D:14, base: D:14, base: D:14, base: D:14, base: D:14,
          base:
D:14

Skill      XL: |  1  2  3  4  5  6  7  8  9 10 11 12 13 14 15 16 17 18 19 20 21 22 23 24 |
---------------+-------------------------------------------------------------------------+-----
Dodging        | 3 4 5 6 7 9 11 13 15 17 18 20 21 22 24 27 | 27.0
Unarmed Combat | 4 6 7 9 11 13 14 15 17 18 19 20 21 22 23 | 23.8
Shapeshifting  | 5 6 7 10 13 16 17 18 19 23 | 23.0
Fighting       | 2 4 5 7 8 9 10 12 13 14 15 16 18 20 | 20.3
Translocations | 1 5 |  5.0
Shields        | 10 15 16 18 19 | 19.1
Evocations     | 1 |  1.5

Action                     |  1- 3 |  4- 6 |  7- 9 | 10-12 | 13-15 | 16-18 | 19-21 | 22-24 | 25-27 || total
---------------------------+-------+-------+-------+-------+-------+-------+-------+-------+-------++-------
  Melee: Unarmed           |    95 |   133 |   279 |   860 |  1093 |  1072 |  1193 |  1631 |    18 ||  6374
         Punch             |     1 |     1 |       |       |     5 |   145 |    24 |    17 |       ||   193
         Tailslap          |       |       |     3 |       |     1 |    35 |       |     3 |       ||    42
         Constrict         |       |       |       |       |   200 |    10 |       |       |       ||   210
         Bite              |       |       |       |       |       |    15 |       |       |       ||    15
  Throw: Dart              |       |       |       |       |       |     5 |       |       |       ||     5
   Cast: Lesser Beckoning  |       |       |       |       |       |       |     3 |       |       ||     3
         Blink             |       |       |       |       |       |       |     2 |       |       ||     2
Ability: Begin Untransform |       |       |       |       |     2 |     2 |     1 |     1 |       ||     6
         Breathe Fire      |       |       |       |       |       |     2 |       |       |       ||     2
         Blinkbolt         |       |       |       |       |       |       |       |     1 |       ||     1
  Evoke: Wand              |       |       |    10 |     9 |     3 |     4 |     1 |       |       ||    27
    Use: Scroll            |       |     7 |     4 |    11 |     9 |     6 |     5 |     5 |     1 ||    48
         Potion            |       |     2 |     2 |     2 |     1 |     3 |       |       |       ||    10
   Stab: Sleeping          |     3 |     2 |       |       |     2 |     4 |       |       |       ||    11
         Paralysed         |       |       |       |    17 |       |       |       |       |       ||    17
         Distracted        |       |       |       |     7 |    13 |     8 |     9 |    14 |       ||    51
         Petrified         |       |       |       |       |     3 |       |       |       |       ||     3
 Armour: Animal skin       |    40 |    46 |    40 |       |       |       |       |       |       ||   126
         Skin              |       |     5 |       |       |   317 |   816 |   558 |   602 |       ||  2298
         Ring mail         |       |       |    17 |       |    15 |       |       |    17 |    12 ||    61
         Leather armour    |       |       |    38 |     7 |       |       |       |       |       ||    45
         Robe              |       |       |       |   239 |    63 |       |       |       |       ||   302
         Steam dragon scal |       |       |       |     5 |       |       |       |       |       ||     5
         Acid dragon scale |       |       |       |     1 |       |       |     5 |       |       ||     6
  Dodge: Dodged            |    63 |    77 |   220 |   780 |   929 |  1756 |  1336 |  1652 |    30 ||  6843
  Block: Kite shield       |       |       |       |       |       |       |   776 |  1169 |    16 ||  1961
   Form: Flux              |       |       |     1 |       |     1 |       |       |       |       ||     2
         Anaconda          |       |       |       |       |     4 |     1 |       |       |       ||     5
         Statue            |       |       |       |       |       |     4 |     2 |     1 |       ||     7
         Dragon            |       |       |       |       |       |     1 |       |       |       ||     1
         Storm             |       |       |       |       |       |       |     1 |     1 |       ||     2
         Death             |       |       |       |       |       |       |       |     1 |       ||     1

Table legend: (Time is in decaauts)
 A = Elapsed time spent in this place.
 B = Non-inter-level travel time spent in this place.
 C = Inter-level travel time spent in this place.
 D = Time resting spent in this place.
 E = Time spent auto-exploring this place.
 F = Levels seen in this place.
 G = Mean time per level.
                   A        B        C        D        E       F      G
               +--------+--------+--------+--------+--------+-----+--------+
         Total |  71687 |  62258 |   9429 |   5112 |  43933 |  49 | 1463.0 |
       Dungeon |  21785 |  17188 |   4597 |   2377 |  11855 |  15 | 1452.3 |
        Temple |      1 |      1 |      0 |      0 |      0 |   1 |    1.0 |
          Lair |   9939 |   8713 |   1226 |    763 |   6178 |   5 | 1987.8 |
         Swamp |   3214 |   3022 |    192 |    120 |   2149 |   4 |  803.5 |
     Snake Pit |   7414 |   6695 |    719 |    145 |   5276 |   4 | 1853.5 |
  Orcish Mines |   2338 |   2253 |     85 |    644 |   1110 |   2 | 1169.0 |
        Vaults |  10310 |   8881 |   1429 |    291 |   6776 |   4 | 2577.5 |
         Crypt |   5230 |   4911 |    319 |      0 |   3644 |   3 | 1743.3 |
        Depths |   9747 |   8889 |    858 |    667 |   6076 |   4 | 2436.8 |
         Abyss |    473 |    473 |      0 |      0 |    152 |   6 |   78.8 |
        Wizlab |   1232 |   1232 |      0 |    104 |    714 |   1 | 1232.0 |
               +--------+--------+--------+--------+--------+-----+--------+

Top non-repeatable levels by time:
Depths:2: 3808 daAuts
    D:10: 3173 daAuts
 Snake:4: 2849 daAuts
Vaults:2: 2819 daAuts
Vaults:1: 2802 daAuts
  Lair:2: 2777 daAuts
Vaults:3: 2509 daAuts
    D:14: 2482 daAuts
Depths:3: 2426 daAuts
  Lair:5: 2394 daAuts
     D:8: 2254 daAuts
Vaults:4: 2179 daAuts
Depths:4: 1963 daAuts
 Crypt:3: 1947 daAuts
  Lair:1: 1901 daAuts
